 Dungeon Crawl Stone Soup version 0.29-a0-330-g52719c12eb (webtiles) character file.

Game seed: 8736590640157933168

40 Crownlay the Insei (level 3, 0/34 HPs)
             Began as an Octopode Transmuter on May 7, 2022.
             Succumbed to an adder's poison
             ... on level 1 of the Dungeon.
             The game lasted 00:03:45 (1277 turns).

Crownlay the Insei (Octopode Transmuter)            Turns: 1277, Time: 00:03:46

Health: 0/34       AC: 21    Str:  9    XL:     3   Next: 50%
Magic:  6/6        EV:  2    Int: 23    God:
Gold:   13         SH:  0    Dex: 12    Spells: 6/7 levels left

rFire   . . .      SeeInvis .     - Unarmed
rCold   . . .      Faith    .   (no shield)
rNeg    . . .      Spirit   .   (helmet currently unavailable)
rPois   +          Reflect  .   (no amulet)
rElec   .          Harm     .   I - +6 ring of intelligence
rCorr   .          Rampage  .   (no ring)
Will    .....      NoTele   +   (no ring)
Stlth   +.........              (no ring)
HPRegen 0.11/turn               (no ring)
MPRegen 0.10/turn               (no ring)
                                (no ring)
                                (no ring)

@: lethally poisoned (0 -> -2), tree-form
A: stationary, stasis, torment immunity, boosted hp, almost no armour,
(amphibious), 8 rings, (camouflage 1), (gelatinous body 1), (nimble swimmer 1),
(tentacles)
a: no special abilities


You were on level 1 of the Dungeon.
You were a tree.
You visited 1 branch of the dungeon, and saw 2 of its levels.

You collected 13 gold pieces.


Innate Abilities, Weirdness & Mutations

You are a tree.
Your roots penetrate the ground, keeping you stationary.
You cannot be teleported.
You are immune to unholy pain and torment.
Your maximum health is greatly increased.
You cannot wear most types of armour.
((You are amphibious.))
You can wear up to eight rings at the same time.
((Your skin changes colour to match your surroundings (Stealth+).))
((Your rubbery body absorbs attacks. (AC +1, EV +1)))
((You are camouflaged when in or above water. (Stealth+)))
((You have tentacles for arms and can constrict up to eight enemies at once.))


   Skills:
 - Level 1.0 Fighting
 - Level 2.0 Dodging
 - Level 3.0 Unarmed Combat
 * Level 2.5 Spellcasting
 * Level 2.6 Transmutations
 * Level 2.0 Poison Magic


You had 6 spell levels left.
You knew the following spells:

 Your Spells              Type           Power      Damage    Failure   Level
b - Beastly Appendage     Tmut           30%        N/A       4%          1

Your spell library contained the following spells:

 Spells                   Type           Power      Damage    Failure   Level
 Wereblood                Tmut           15%        N/A       6%          2
 Poisonous Vapours        Pois/Air       14%        N/A       12%         2
 Spider Form              Tmut/Pois      13%        N/A       14%         3
 Corpse Rot               Necr/Air       4%         N/A       19%         2
 Ice Form                 Ice/Tmut       9%         N/A       56%         4

Inventory:

Missiles
 c - 38 stones (quivered)
Jewellery
 I - a +6 ring of intelligence (left branch)
   (You found it on level 1 of the Dungeon)
Scrolls
 e - a scroll of fear {unknown}
 f - a scroll of teleportation {unknown}
Potions
 a - a potion of lignification {!q}

Dungeon Overview and Level Annotations

Branches:
Dungeon (2/15)

Altars:

######
####....##########
................>#
####....#######.†#
#....#######.♣#
#######.......#
#.####.## #.# #.#
# #.# #.# #
#.####.#
##########.#....#
#.......##......#
#)......######..#


There were no monsters in sight!


Message History

You see here a +0 club.
Done exploring.
HP[+10]
Your hp is fully restored (23).
Okay, then.
Done exploring.
Done exploring.
Done exploring.
(D) Dungeon
Where to? (? - help)
There is a stone staircase leading down here.
You climb downwards.
The adder hisses angrily.
You hear an angry hiss.
The adder hisses angrily.
Found a stone staircase leading down.
There is a stone staircase leading up here.
There are monsters nearby!
You throw a stone. The stone closely misses the adder.
An adder comes into view.
Casting: Beastly Appendage (safe; 4% risk of failure)
Confirm with . or Enter, or press ? or * to list all spells.
One of your tentacles grows a vicious spike.
MP[-1]
You lost 1 mp, and now have 5/6 mp.
You throw a stone.
The stone hits the adder but does no damage.
The adder bites you.
You are poisoned.
The adder poisons you!
HP[-1]
You take 1 damage, and now have 22/23 hp.
You feel sick. The adder barely misses you.
You climb upwards.
You feel sick.
There is a stone staircase leading down here.
HP[-4]
You take 4 damage, and now have 18/23 hp.
You barely miss the adder. Your grab misses the adder. You squeeze the adder.
You feel sick. The adder misses you.
HP[-1]
You take 1 damage, and now have 17/23 hp.
You tentacle-slap the adder. You grab the adder. Your squeeze misses the adder.
You constrict the adder.
You feel sick. The adder misses you.
HP[-1]
You take 1 damage, and now have 16/23 hp.
You tentacle-slap the adder.
Your tentacle spike misses the adder.
You constrict the adder.
You feel sick. The adder bites you.
You are more poisoned.
The adder poisons you! The adder bites you.
HP[-3]
You take 3 damage, and now have 13/23 hp.
You barely miss the adder. You squeeze the adder. You constrict the adder.
You feel sick. The adder bites you.
* * * LOW HITPOINT WARNING * * *
You are lethally poisoned!
The adder poisons you!
You tentacle-slap the adder.
You kill the adder!
* * * LOW HITPOINT WARNING * * *
You feel sick.
Your Poison Magic skill increases to level 2!
HP[-6]
You take 6 damage, and now have 7/23 hp.
MASSIVE DAMAGE!! (PAUSE)
* * * LOW HITPOINT WARNING * * *
You feel sick.
You see here an adder corpse.
HP[-2] MP[+1]
You take 2 damage, and now have 5/23 hp.
Your mp is fully restored (6).
* * * LOW HITPOINT WARNING * * *
You feel sick.
HP[-2]
You take 2 damage, and now have 3/23 hp.
It was a potion of haste.
You feel yourself speed up.
* * * LOW HITPOINT WARNING * * *
You feel sick.
HP[-1]
You take 1 damage, and now have 2/23 hp.
It was a potion of cancellation.
Your magical effects are unravelling.
You feel magically purged.
Your tentacle spike disappears.
You feel yourself slow down.
* * * LOW HITPOINT WARNING * * *
You feel sick.
Really quaff
a - 2 potions of lignification {!q}?
Really quaff the potion of lignification?
Uppercase [Y]es or [N]o only, please.
Really quaff the potion of lignification?
You turn into a tree.
Your roots penetrate the ground.
* * * LOW HITPOINT WARNING * * *
You feel sick.
There is a lethal amount of poison in your body!
There is a lethal amount of poison in your body!
You now have 34 max hp (+11).
There is a lethal amount of poison in your body!
* * * LOW HITPOINT WARNING * * *
You feel sick.
HP[-1]
You take 1 damage, and now have 1/34 hp.
You die...

Skill      XL: |  1  2  3 |
---------------+----------+-----
Poison Magic   | 1 2 |  2.0
Fighting       | |  1.0
Dodging        | |  2.0
Unarmed Combat | |  3.0
Spellcasting   | |  2.5
Transmutations | |  2.6

Action                   || total
-------------------------++-------
Melee: Unarmed           ||    60
       Constrict         ||    14
       Kick              ||    17
       Tentacles         ||    11
       Punch             ||     1
Throw: Stone             ||     2
 Cast: Beastly Appendage ||    14
  Use: Potion            ||     3
 Stab: Sleeping          ||     1
Armor: Skin              ||     2
Dodge: Dodged            ||    37

Levels and vault maps discovered:
D:1:      tarquinn_simple_flora_water_b, layout_basic, st_stairs_12
D:2:      layout_rooms, serial_shops, nicolae_shop_behind_doors, minmay_cut_off,
          uniq_robin

Notes
Turn   | Place    | Note
-------+----------+-------------------------------------------
     0 | D:1      | Crownlay the Octopode Transmuter began the quest for the
                  | Orb.
     0 | D:1      | Reached XP level 1. HP: 13/13 MP: 3/3
   106 | D:1      | You pick up a book of Vapours and begin reading...
   106 | D:1      | You add the spells Poisonous Vapours and Corpse Rot to your
                  | library.
   389 | D:1      | Reached skill level 1 in Poison Magic
   389 | D:1      | Reached XP level 2. HP: 17/18 MP: 3/5
  1058 | D:1      | Reached XP level 3. HP: 20/23 MP: 4/6
  1271 | D:1      | Reached skill level 2 in Poison Magic
  1271 | D:1      | HP: 5/23 [poisoned by an adder]
  1273 | D:1      | HP: 2/23 [poisoned by an adder]
  1277 | D:1      | Succumbed to an adder's poison

Vanquished Creatures
  An adder (D:1)
  3 endoplasms (D:1)
  A giant cockroach (D:1)
  2 hobgoblins (D:1)
  5 jackals (D:1)
  4 kobolds (D:1)
  3 quokkas (D:1)
  A ball python (D:1)
  4 goblins (D:1)
  2 rats (D:1)
26 creatures vanquished.

Table legend:
 A = Non-vault XP
 B = Vault XP
 C = Vault XP percentage of total XP
 D = Non-vault monster count
 E = Vault monster count
 F = Vault count percentage of total count
                 A         B        C        D         E       F
            +---------+---------+-------+---------+---------+-------
      Total |      56 |       2 |   3.4 |      25 |       1 |   3.8
            +---------+---------+-------+---------+---------+-------
        D:1 |      56 |       2 |   3.4 |      25 |       1 |   3.8
            +---------+---------+-------+---------+---------+-------

Illustrated notes

Table legend:
 A = Kills in this place as a percentage of kills in entire the game.
 B = Kills by you in this place as a percentage of kills by you in the entire game.
 C = Kills by friends in this place as a percentage of kills by friends in the entire game.
 D = Other kills in this place as a percentage of other kills in the entire game.
 E = Experience gained in this place as a percentage of experience gained in the entire game.
 F = Experience gained in this place divided by the number of levels of this place that you have seen.
                   A       B       C       D       E      F
               +-------+-------+-------+-------+-------+----------------------
         Total | 100.0 | 100.0 |   N/A |   N/A | 100.0 |  29.0
       Dungeon | 100.0 | 100.0 |   N/A |   N/A | 100.0 |  29.0
               +-------+-------+-------+-------+-------+----------------------

Table legend: (Time is in decaauts)
 A = Elapsed time spent in this place.
 B = Non-inter-level travel time spent in this place.
 C = Inter-level travel time spent in this place.
 D = Time resting spent in this place.
 E = Time spent auto-exploring this place.
 F = Levels seen in this place.
 G = Mean time per level.
                   A        B        C        D        E       F      G
               +--------+--------+--------+--------+--------+-----+--------+
         Total |   1273 |   1261 |     12 |      0 |   1087 |   2 |  636.5 |
       Dungeon |   1273 |   1261 |     12 |      0 |   1087 |   2 |  636.5 |
               +--------+--------+--------+--------+--------+-----+--------+

Top non-repeatable levels by time:
     D:1: 1268 daAuts
     D:2: 5 daAuts
